AoeStats
← Zumoshi

Arabia

507664446Analyzed
1v1 RM · 14d ago on Sep 19, 2026· 16m 26s· 2 players
Game mode
Random Map
Map size
Tiny (2 player)
Population
200
Speed
Normal
Resources
Standard
Victory
Conquest
Starting age
Dark Age
Ending age
Imperial Age
RankedLock teamsTeams togetherTeam positionsShared explorationLock speedFull tech treeHidden civsTurbo modeCheats
Victory
Defeat
🇮🇱 Cumans · Israel
1165
+15
🇳🇿 Franks · New Zealand
1136
-15
Zacbot
6:58 Loom
9:01 Feudal Age
16:49 Castle Age
16:22 Double-Bit Axe
Zumoshi
7:11 Loom
9:51 Feudal Age
11:02 Double-Bit Axe
14:50 Horse Collar
15:47 Fletching
Connection lost

Rejoining the realm…

Still unreachable

The connection could not be restored.

Session expired

The server has moved on; the page needs a fresh start.